 Dungeon Crawl Stone Soup version 0.31-a0-217-g58bb5d79cf (webtiles) character file.

Game seed: 13938556277962792945

56 qw the Shooter (level 3, -2/29 HPs)
             Began as a Minotaur Hexslinger on July 2, 2023.
             Slain by Terence
             ... wielding a +0 heavy falchion
              (5 damage)
             ... on level 2 of the Dungeon.
             The game lasted 00:00:29 (1104 turns).

qw the Shooter (Minotaur Hexslinger)                Turns: 1104, Time: 00:00:29

Health: -2/29      AC:  5    Str: 12    XL:     3   Next: 69%
Magic:  3/3        EV: 11    Int: 10    God:
Gold:   98         SH:  0    Dex: 14    Spells: 3/4 levels left

rFire   . . .        Y - +1 sling
rCold   . . .        (no shield)
rNeg    . . .        f - +0 ring mail
rPois   .            (helmet restricted)
rElec   .            (no cloak)
rCorr   .            (no gloves)
SInv    .            (no boots)
Will    .....        j - amulet of regeneration
Stlth   +            (no ring)
HPRegen 1.04/turn    (no ring)
MPRegen 0.08/turn

%: no passive effects
@: no status effects
A: horns 2, retaliatory headbutt
a: no special abilities


You were on level 2 of the Dungeon.
You visited 1 branch of the dungeon, and saw 2 of its levels.

You collected 98 gold pieces.


Innate Abilities, Weirdness & Mutations

You have a pair of horns on your head.
You reflexively headbutt those who attack you in melee.


   Skills:
 - Level 2.1 Fighting
 + Level 4.0 Ranged Weapons
 - Level 1.0 Armour
 - Level 2.1 Dodging
 - Level 1.0 Spellcasting
 - Level 2.0 Hexes


You had 3 spell levels left.
You knew the following spells:

 Your Spells              Type           Power      Damage    Failure   Level
a - Slow                  Hex            16%        N/A       34%         1

Your spell library contained the following spells:

 Spells                   Type           Power      Damage    Failure   Level
 Inner Flame              Hex/Fire       2%         N/A       83%         3
 Portal Projectile        Hex/Tloc       4%         N/A       83%         3
 Cause Fear               Hex            2%         N/A       98%         4

Inventory:

Hand Weapons
 Y - a +1 sling (weapon)
Armour
 a - a +0 pair of gloves
 f - a +0 ring mail (worn)
Jewellery
 j - an amulet of regeneration (around neck)
Potions
 e - a potion of cancellation {unknown}
 h - a potion of curing {unknown}
 i - a potion of enlightenment {unknown}

Dungeon Overview and Level Annotations

Branches:
Dungeon (2/15)

Altars:

Annotations:
D:2 Terence


Message History

The sling bullet hits Terence but does no damage.
Terence is lightly wounded.
You shoot a sling bullet.
The sling bullet closely misses Terence.
The ball python closely misses you. The ball python grabs you.
The ball python constricts you.
Terence hits you with a +0 heavy falchion!
The ball python closely misses you. You furiously retaliate!
You headbutt the ball python!
You kill the ball python!
You shoot a sling bullet. The sling bullet hits Terence.
Terence is heavily wounded.
Terence hits you with a +0 heavy falchion.
You shoot a sling bullet. The sling bullet barely misses Terence.
Terence hits you with a +0 heavy falchion!
You shoot a sling bullet.
The sling bullet hits Terence but does no damage.
Terence is heavily wounded.
The giant cockroach bites you but does no damage.
Terence barely misses you.
The giant cockroach bites you but does no damage.
You shoot a sling bullet. The sling bullet hits Terence.
Terence is severely wounded.
The giant cockroach bites you. Terence closely misses you.
You shoot a sling bullet. The sling bullet barely misses Terence.
The giant cockroach bites you but does no damage.
Terence drinks a potion.
Terence is healed!
The giant cockroach bites you but does no damage.
You shoot a sling bullet. The sling bullet barely misses Terence.
The giant cockroach bites you but does no damage.
Terence hits you with a +0 heavy falchion!
You shoot a sling bullet. The sling bullet barely misses Terence.
The giant cockroach bites you.
The giant cockroach bites you but does no damage.
Terence hits you with a +0 heavy falchion.
You shoot a sling bullet. The sling bullet hits Terence!
Terence is heavily wounded.
The giant cockroach completely misses you.
Terence hits you with a +0 heavy falchion.
You die...

## ## . .. . <. .#.# .. ##.#. #.
##... # ### .##..#...#.# ..#
.......B@..# #.##### #@# ########
......# #># #..<...# #.###.#
##.## #.####.# #.###.# #...#
#.##.. . ..##..# #...# #.##<#.#
###.#.#### #...# #.##.#.#
#..###...# #...# #####......#
#...#..#.######...####........###
#......................###.....##


You could see Terence and a giant cockroach.

Vanquished Creatures
  2 worms (D:2)
  3 dart slugs
  6 endoplasms
  A giant cockroach (D:1)
  4 goblins
  6 hobgoblins (D:1)
  3 kobolds
  A quokka (D:1)
  4 ball pythons
  4 bats
  3 frilled lizards (D:1)
  3 rats (D:1)
40 creatures vanquished.

Notes
Turn   | Place    | Note
-------+----------+-------------------------------------------
     0 | D:1      | qw the Minotaur Hexslinger began the quest for the Orb.
     0 | D:1      | Reached XP level 1. HP: 16/16 MP: 1/1
     0 | D:1      | 0 ||| qw: Version: 0.3-a-40-ge99b1a8
     0 | D:1      | 0 ||| qw: Game counter: 152
     0 | D:1      | 0 ||| qw: Melee chars always use a shield: true
     0 | D:1      | 0 ||| qw: God list: Okawaru
     0 | D:1      | 0 ||| qw: Allow faded altars: false
     0 | D:1      | 0 ||| qw: Do Orc after clearing Dungeon:15 true
     0 | D:1      | 0 ||| qw: Do second Lair branch before Depths: true
     0 | D:1      | 0 ||| qw: Lair rune preference: random
     0 | D:1      | 0 ||| qw: Goals: Normal
     0 | D:1      | 0 ||| PLANNING D:1-11
     2 | D:1      | Noticed an ogre
     4 | D:1      | Noticed a formicid
     4 | D:1      | Noticed a minotaur
     6 | D:1      | Noticed a vine stalker
     6 | D:1      | Noticed an elf
     8 | D:1      | Noticed a felid
     8 | D:1      | Noticed a naga
    10 | D:1      | Noticed a merfolk
    10 | D:1      | Noticed a spriggan
    12 | D:1      | Noticed a meteoran
    14 | D:1      | Noticed an octopode
    16 | D:1      | Noticed a demigod
    16 | D:1      | Noticed a tengu
    18 | D:1      | Noticed a draconian
    18 | D:1      | Noticed a vampire
    20 | D:1      | Noticed a gargoyle
    20 | D:1      | Noticed a ghoul
    22 | D:1      | Noticed a demonspawn
    22 | D:1      | Noticed a troll
    24 | D:1      | Noticed a vampire
    24 | D:1      | Noticed a human
    26 | D:1      | Noticed a gargoyle
    26 | D:1      | Noticed a formicid
    53 | D:1      | Reached skill level 3 in Ranged Weapons
    53 | D:1      | 53 ||| FLEEEEING.
    54 | D:1      | 54 ||| FLEEEEING.
    55 | D:1      | 55 ||| FLEEEEING.
    56 | D:1      | 56 ||| FLEEEEING.
    57 | D:1      | 57 ||| FLEEEEING.
    58 | D:1      | 58 ||| FLEEEEING.
    59 | D:1      | 59 ||| FLEEEEING.
    66 | D:1      | Reached XP level 2. HP: 23/23 MP: 2/2
   429 | D:1      | Reached XP level 3. HP: 29/29 MP: 3/3
   643 | D:1      | 643 ||| UPGRADING to +0 ring mail.
   653 | D:1      | 653 ||| DROPPING +0 robe.
   654 | D:1      | 654 ||| UPGRADING to amulet of regeneration.
   659 | D:1      | 659 ||| READING scroll labelled UCZIUZ WETWO.
   660 | D:1      | 660 ||| READING scroll labelled LUFEHE NIXITZ.
   665 | D:1      | 665 ||| READING scroll labelled WUPPIG ATZAIHE.
   666 | D:1      | 666 ||| READING scroll labelled USOSMA QED.
   667 | D:1      | 667 ||| DROPPING scroll of poison.
   824 | D:2      | Reached skill level 4 in Ranged Weapons
  1030 | D:2      | Reached skill level 1 in Armour
  1090 | D:2      | Noticed Terence
  1102 | D:2      | HP: 7/29 [Terence/+0 heavy falchion (8)]
  1103 | D:2      | HP: 1/29 [Terence/+0 heavy falchion (5)]
  1104 | D:2      | Slain by Terence

Levels and vault maps discovered:
D:1:      kb_arrival_jail, layout_basic, minmay_misc_feat_columns
D:2:      layout_loops_cross, uniq_terence

Skill      XL: |  1  2  3 |
---------------+----------+-----
Ranged Weapons | 3 4 |  4.0
Fighting       | 2 |  2.1
Armour         | 1 |  1.0
Dodging        | |  2.1
Spellcasting   | |  1.0
Hexes          | |  2.0

Action                     || total
---------------------------++-------
   Fire: Sling             ||   114
    Use: Scroll            ||     4
 Armour: Robe              ||     3
         Ring mail         ||     7
  Dodge: Dodged            ||    28

Table legend:
 A = Non-vault XP
 B = Vault XP
 C = Vault XP percentage of total XP
 D = Non-vault monster count
 E = Vault monster count
 F = Vault count percentage of total count
                 A         B        C        D         E       F
            +---------+---------+-------+---------+---------+-------
      Total |      80 |       0 |   0.0 |      40 |       0 |   0.0
            +---------+---------+-------+---------+---------+-------
        D:1 |      52 |       0 |   0.0 |      28 |       0 |   0.0
        D:2 |      28 |       0 |   0.0 |      12 |       0 |   0.0
            +---------+---------+-------+---------+---------+-------
